 Seeded DCSS version 0.30-a0-218-gedb9141 (webtiles) character file.

Game seed: 6393236252509581423 (custom seed)

17 Vaargak the Vexing (level 2, -3/28 HPs)
             Began as an Ogre Hexslinger on Oct 5, 2022.
             Slain by an adder (4 damage)
             ... on level 2 of the Dungeon.
             The game lasted 00:08:36 (988 turns).

Vaargak the Vexing (Ogre Hexslinger)                 Turns: 988, Time: 00:08:37

Health: -3/28      AC:  3    Str: 13    XL:     2   Next: 62%
Magic:  2/3        EV:  9    Int: 14    God:
Gold:   85         SH:  0    Dex:  9    Spells: 2/3 levels left

rFire   . . .      SeeInvis .    k - +0 hand axe
rCold   . . .      Faith    .    (no shield)
rNeg    . . .      Spirit   .    c - +0 robe
rPois   .          Reflect  .    (helmet restricted)
rElec   .          Harm     .    (no cloak)
rCorr   .          Rampage  .    (gloves unavailable)
Will    .....                    (boots unavailable)
Stlth   +.........               (no amulet)
HPRegen 0.24/turn                (no ring)
MPRegen 0.08/turn                (no ring)

@: lethally poisoned (-3 -> -7)
A: large, unfitting armour, tough skin 1
a: no special abilities


You were on level 2 of the Dungeon.
You visited 1 branch of the dungeon, and saw 2 of its levels.

You collected 85 gold pieces.

Inventory:

Hand Weapons
 a - a +1 sling
 k - a +0 hand axe (weapon)
Armour
 c - a +0 robe (worn)
Scrolls
 b - a scroll of poison
 e - a scroll of blinking {unknown}
 i - 2 scrolls of identify {unknown}
 j - a scroll of vulnerability {unknown}
Potions
 d - 2 potions of ambrosia {unknown}
 f - a potion of magic {unknown}
 g - a potion of experience {unknown}
 h - a potion of degeneration {unknown}


   Skills:
 * Level 2.0 Fighting
 + Level 1.7 Ranged Weapons
 + Level 1.7 Dodging
 + Level 1.3 Spellcasting
 + Level 3.0 Hexes


You had 2 spell levels left.
You knew the following spells:

 Your Spells              Type           Power      Damage    Failure   Level
a - Slow                  Hex            36%        N/A       8%          1

Your spell library contained the following spells:

 Spells                   Type           Power      Damage    Failure   Level
 Inner Flame              Hex/Fire       5%         N/A       38%         3
 Portal Projectile        Hex/Tloc       10%        N/A       38%         3
 Cause Fear               Hex            4%         N/A       58%         4


Dungeon Overview and Level Annotations

Branches:
Dungeon (2/15)

Altars:


Innate Abilities, Weirdness & Mutations

You are too large for most types of armour.
You have tough skin. (AC +1)


Message History

The adder closely misses you. The adder barely misses you.
You are too injured to fight recklessly!
You are too injured to fight recklessly!
You are too injured to fight recklessly!
You feel sick.
You are too injured to fight recklessly!
Casting: Slow (safe; 8% risk of failure)
Confirm with . or Enter, or press ? or * to list all spells.
Aiming: Slow (safe; 8% risk of failure)
Press: ? - help, Shift-Dir - straight line, f - adder
Aim: an adder (almost dead, chance to affect: 55%)
The adder seems to slow down.
You feel sick. The adder bites you but does no damage.
You are too injured to fight recklessly!
You feel sick.
You feel sick.
You feel sick.
You feel sick.
You barely miss the adder.
The adder is almost dead.
You feel sick.
You are no longer poisoned.
The adder misses you.
You barely miss the adder.
The adder is almost dead.
The adder bites you.
* * * LOW HITPOINT WARNING * * *
You are lethally poisoned!
The adder poisons you!
You miss the adder.
The adder is almost dead.
* * * LOW HITPOINT WARNING * * *
You feel very sick. The adder bites you.
* * * LOW HITPOINT WARNING * * *
You closely miss the adder.
The adder is almost dead.
* * * LOW HITPOINT WARNING * * *
You feel sick. The adder bites you.
You die...

#.##.# #.##.#
#.##.# #....#
#..### #### #..# #
##?!#######..#
##.#[#)#........#
.#..#...##@#####.#
..#...#.##S# #.#
#S..#.....w# #.#
..#...#.#### #.#
.#..#...# .# ##
#.#.# .# ##(.# .#
####


You could see a worm and an adder (slow).

Vanquished Creatures
  A ball python (D:1)
  5 goblins
  A hobgoblin (D:1)
  2 jackals (D:2)
  A kobold (D:1)
  A bat (D:2)
  3 frilled lizards (D:1)
  A rat (D:2)
15 creatures vanquished.

Notes
Turn   | Place    | Note
-------+----------+-------------------------------------------
     0 | D:1      | Vaargak the Ogre Hexslinger began the quest for the Orb.
     0 | D:1      | Reached XP level 1. HP: 19/19 MP: 2/2
   194 | D:1      | Reached skill level 3 in Hexes
   194 | D:1      | Reached XP level 2. HP: 27/27 MP: 1/3
   253 | D:1      | Found a faded altar of an unknown god.
   987 | D:2      | HP: 1/28 [adder (2)]
   988 | D:2      | Slain by an adder

Illustrated notes

Levels and vault maps discovered:
D:1:      minmay_arrival_plants_in_alcoves, layout_basic,
          shapermc_ecumenical_altar_petra
D:2:      minmay_spotlight, layout_loops_ring, minmay_pentomino_t4, uniq_robin

Skill      XL: |  1  2 |
---------------+-------+-----
Hexes          | 3 |  3.0
Fighting       | 2 |  2.0
Ranged Weapons | |  1.7
Dodging        | |  1.7
Spellcasting   | |  1.3

Action                   || total
-------------------------++-------
Melee: Hand axe          ||     8
 Fire: Sling             ||    52
 Cast: Slow              ||    14
Armor: Robe              ||    23
Dodge: Dodged            ||    17

Table legend: (Time is in decaauts)
 A = Elapsed time spent in this place.
 B = Non-inter-level travel time spent in this place.
 C = Inter-level travel time spent in this place.
 D = Time resting spent in this place.
 E = Time spent auto-exploring this place.
 F = Levels seen in this place.
 G = Mean time per level.
                   A        B        C        D        E       F      G
               +--------+--------+--------+--------+--------+-----+--------+
         Total |   1006 |    984 |     22 |    150 |    681 |   2 |  503.0 |
       Dungeon |   1006 |    984 |     22 |    150 |    681 |   2 |  503.0 |
               +--------+--------+--------+--------+--------+-----+--------+

Top non-repeatable levels by time:
     D:1: 759 daAuts
     D:2: 246 daAuts
